 Dungeon Crawl Stone Soup version 0.29-a0-459-g97dee8cd24 (webtiles) character file.

Game seed: 16989401227235930948

1236 ptdevnull the Covert (level 8, -4/43 HPs)
             Began as a Kobold Enchanter on May 21, 2022.
             Was a Priest of Hepliaklqana.
             Slain by a centaur (6 damage)
             ... on level 6 of the Dungeon.
             The game lasted 00:10:01 (4732 turns).

ptdevnull the Covert (Kobold Enchanter)             Turns: 4732, Time: 00:10:01

Health: -4/43      AC:  2    Str:  6    XL:     8   Next: 78%
Magic:  1/12       EV: 17    Int: 16    God:    Hepliaklqana [***...]
Gold:   256        SH:  0    Dex: 17    Spells: 5/13 levels left

rFire   . . .      SeeInvis .   a - +1 dagger
rCold   . . .      Faith    .   (no shield)
rNeg    . . .      Spirit   .   b - +0 robe
rPois   .          Reflect  .   (no helmet)
rElec   .          Harm     .   (no cloak)
rCorr   .          Rampage  .   (no gloves)
Will    .....                   (no boots)
Stlth   +++++.....              (no amulet)
HPRegen 0.14/turn               (no ring)
MPRegen 0.13/turn               (no ring)

@: no status effects
A: reduced essence, small, no large weapons, nightstalker 3
a: Renounce Religion, Recall Ancestor, Ancestor Identity, Transference


You were on level 6 of the Dungeon.
You worshipped Hepliaklqana.
Hepliaklqana was most pleased with you.
You visited 1 branch of the dungeon, and saw 5 of its levels.

You collected 256 gold pieces.

Inventory:

Hand Weapons
 a - a +1 dagger (weapon)
Missiles
 i - 10 poisoned darts (quivered)
Armour
 b - a +0 robe (worn)
Wands
 t - a wand of charming (5)
 v - a wand of flame (8)
Scrolls
 f - a scroll of fear {unknown}
 h - a scroll of noise {unknown}
 l - a scroll of teleportation {unknown}
 m - 2 scrolls of magic mapping
 n - a scroll of vulnerability {unknown}
 r - 2 scrolls of summoning {unknown}
 s - a scroll of fog {unknown}
 u - a scroll of brand weapon {unknown}
Potions
 c - 3 potions of invisibility
 d - 2 potions of flight
 e - a potion of might {unknown}
 g - 2 potions of brilliance {unknown}
 j - a potion of mutation {unknown}
 k - 3 potions of curing
 o - a potion of berserk rage {unknown}
 p - a potion of attraction {unknown}
 w - a potion of haste {unknown}


   Skills:
 + Level 3.8 Fighting
 - Level 7.0 Short Blades
 + Level 3.9 Throwing
 + Level 5.0 Dodging
 - Level 8.0 Stealth
 - Level 3.0 Spellcasting
 - Level 3.0 Hexes


You had 5 spell levels left.
You knew the following spells:

 Your Spells              Type           Power      Damage    Failure   Level
a - Ensorcelled Hibernat  Hex/Ice        14%        N/A       16%         2
b - Tukima's Dance        Hex            12%        N/A       16%         3
c - Confusing Touch       Hex            12%        N/A       16%         3

Your spell library contained the following spells:

 Spells                   Type           Power      Damage    Failure   Level
 Apportation              Tloc           4%         N/A       19%         1
 Freeze                   Ice            8%         1d3       19%         1
 Necrotize                Necr           8%         1d4       19%         1
 Sandblast                Erth           4%         2d4       19%         1
 Summon Small Mammal      Summ           8%         N/A       19%         1
 Passwall                 Tmut/Erth      1%         N/A       28%         2
 Dazzling Flash           Conj/Hex       14%        N/A       30%         3
 Portal Projectile        Hex/Tloc       14%        N/A       30%         3
 Summon Guardian Golem    Hex/Summ       7%         N/A       30%         3
 Call Canine Familiar     Summ           2%         N/A       50%         3
 Frozen Ramparts          Ice            4%         1d2       50%         3
 Stone Arrow              Conj/Erth      4%         3d7       50%         3
 Leda's Liquefaction      Hex/Erth       3%         N/A       69%         4
 Hailstorm                Conj/Ice       2%         3d3       88%         4


Dungeon Overview and Level Annotations

Branches:
Dungeon (6/15)             Temple (0/1) D:4

Altars:
Hepliaklqana
Zin

Shops:
D:1 *   D:6 *

Annotations:
D:6 3 runed translucent doors, croobank's ghost, novice GnFE


Innate Abilities, Weirdness & Mutations

Your life essence is reduced to manifest your ancestor. (-10% HP)
You are small and have problems with some larger weapons.
You are completely attuned to the shadows.


Message History

You are engulfed in a cloud of scalding steam.
Unknown command.
The helpless steam dragon fails to defend itself.
You skewer the steam dragon like a kebab!!!
You kill the steam dragon!
Thoko gestures at the centaur while chanting.
The stone arrow hits the centaur!
Your Dodging skill increases to level 5!
Casting: Ensorcelled Hibernation (safe; 16% risk of failure)
Confirm with . or Enter, or press ? or * to list all spells.
Aiming: Ensorcelled Hibernation (safe; 16% risk of failure)
Press: ? - help, Shift-Dir - straight line, f - centaur
Aim: a centaur (heavily wounded, ally target, chance to affect: 40%)
The centaur resists with some effort.
The centaur wields a +1 vorpal shortbow.
The centaur shoots an arrow.
The arrow misses you.
The arrow hits Thoko!
The centaur shoots an arrow.
The arrow hits you!
* * * LOW HITPOINT WARNING * * *
You swap places.
The centaur shoots an arrow.
The arrow hits Thoko!
Thoko is destroyed!
Casting: Ensorcelled Hibernation (safe; 16% risk of failure)
Confirm with . or Enter, or press ? or * to list all spells.
Aiming: Ensorcelled Hibernation (safe; 16% risk of failure)
Press: ? - help, Shift-Dir - straight line, f/p - centaur
Aim: a centaur, wielding a +1 vorpal shortbow (moderately wounded, chance to affect: 40%)
The centaur resists with some effort.
The centaur shoots an arrow.
The arrow hits you!
* * * LOW HITPOINT WARNING * * *
x2
Casting: Ensorcelled Hibernation (safe; 16% risk of failure)
Confirm with . or Enter, or press ? or * to list all spells.
Aiming: Ensorcelled Hibernation (safe; 16% risk of failure)
Press: ? - help, Shift-Dir - straight line, f/p - centaur
Aim: a centaur, wielding a +1 vorpal shortbow (moderately wounded, chance to affect: 40%)
The centaur looks drowsy...
The centaur shouts!
The centaur unwields a +1 vorpal shortbow.
The centaur closely misses you. The centaur kicks you.
* * * LOW HITPOINT WARNING * * *
The centaur hits you.
You die...

.###.#.###########.
#.#[#...........
#.#.#.########..
#.#.#.# #.. #.#.#
####.† #.#.# #.....
#.#.# #.###.
########.#.#####.#
#.
...c@....#.......#
#.
##################
#. #. ##


You could see a centaur.

Vanquished Creatures
  A steam dragon (D:6)
  An ice beast (D:6)
  2 necrophages
  A scorpion (D:6)
  A gnoll shaman (D:6)
  A hound (D:5)
  A jelly (D:5)
  An adder (D:2)
  A gnoll (D:6)
  3 worms
  3 giant cockroaches
  2 goblins
  3 hobgoblins
  A quokka (D:1)
  6 ball pythons
  2 bats (D:2)
  3 frilled lizards (D:1)
  3 kobolds
  A rat (D:1)
37 creatures vanquished.

Vanquished Creatures (collateral kills)
  A water moccasin (D:6)
  A phantom (D:4)
  A necrophage (D:5)
  A scorpion (D:4)
  A howler monkey (D:5)
  An orc priest (D:5)
  3 hounds
  A jelly (D:5)
  3 iguanas
  3 orc wizards
  3 gnolls (D:6)
  An adder (D:5)
  7 orcs
  A goblin (D:4)
  A kobold (D:4)
  2 quokkas
  A ball python (D:4)
32 creatures vanquished.

Vanquished Creatures (others)
  2 battlemagi (D:6)
2 creatures vanquished.

Grand Total: 71 creatures vanquished

Notes
Turn   | Place    | Note
-------+----------+-------------------------------------------
     0 | D:1      | ptdevnull the Kobold Enchanter began the quest for the Orb.
     0 | D:1      | Reached XP level 1. HP: 10/10 MP: 3/3
   164 | D:1      | Found a faded altar of an unknown god.
   169 | D:1      | Prayed at the altar of an unknown god.
   169 | D:1      | Became a worshipper of Hepliaklqana the Forgotten
   169 | D:1      | Reached * piety under Hepliaklqana
   344 | D:1      | Reached XP level 2. HP: 13/13 MP: 5/5
   345 | D:1      | Found Oblurr's Assorted Antiques.
  1028 | D:2      | Learned a level 2 spell: Ensorcelled Hibernation
  1190 | D:2      | Reached XP level 3. HP: 17/17 MP: 6/6
  1506 | D:2      | You fall into a shaft and drop 2 floors!
  1632 | D:4      | Reached ** piety under Hepliaklqana
  1633 | D:4      | Remembered your ancestor Thoko as a battlemage
  1701 | D:4      | Reached XP level 4. HP: 8/21 MP: 8/8
  1788 | D:4      | Found a staircase to the Ecumenical Temple.
  1793 | D:4      | Reached skill level 5 in Stealth
  1977 | D:4      | Learned a level 3 spell: Tukima's Dance
  1981 | D:4      | Learned a level 3 spell: Confusing Touch
  2091 | D:4      | Noticed a scorpion
  2094 | D:4      | Reached XP level 5. HP: 14/25 MP: 9/9
  2097 | D:4      | Reached skill level 5 in Short Blades
  2341 | D:4      | Noticed a phantom
  2348 | D:4      | Killed a phantom
  2349 | D:4      | Reached skill level 6 in Stealth
  2349 | D:4      | Reached XP level 6. HP: 21/28 MP: 6/10
  2793 | D:5      | Entered Level 5 of the Dungeon
  2982 | D:5      | Reached XP level 7. HP: 31/32 MP: 8/11
  3142 | D:5      | Reached skill level 7 in Stealth
  3276 | D:5      | Reached skill level 8 in Stealth
  3291 | D:5      | Reached skill level 1 in Fighting
  3291 | D:5      | Reached skill level 1 in Throwing
  3902 | D:6      | Reached *** piety under Hepliaklqana
  3904 | D:6      | Reached XP level 8. HP: 39/39 MP: 12/12
  4066 | D:6      | Found Zin's Purification Station.
  4068 | D:6      | Found a glowing silver altar of Zin.
  4131 | D:6      | Noticed a yak
  4133 | D:6      | Noticed a yak
  4133 | D:6      | Noticed a yak
  4134 | D:6      | Noticed a yak
  4247 | D:6      | Found a runed translucent gate.
  4252 | D:6      | Found a runed translucent gate.
  4253 | D:6      | Found a runed translucent gate.
  4257 | D:6      | Noticed croobank's ghost (novice GnFE)
  4728 | D:6      | Reached skill level 5 in Dodging
  4732 | D:6      | HP: 2/43 [centaur (2)]
  4732 | D:6      | Slain by a centaur

Illustrated notes

Levels and vault maps discovered:
D:1:      nzn_arrival_water_spiral, layout_loops_corners,
          ebering_ecumenical_altar_mist, serial_shops,
          nicolae_shop_temple_entry_statues_fountains
D:2:      layout_loops_ring, serial_co_window_serial,
          co_window_of_opportunity_a, co_window_paths_a, co_window_paths_b,
          co_window_of_opportunity_a, co_window_corner_a, co_window_broadway_c,
          co_window_2corner, co_window_paths_c, co_window_4corner_b,
          glass_columns_b, glass_columns_a, glass_columns_a, glass_columns_b,
          glass_columns_a, minmay_tetromino_l2
D:4:      layout_basic, minmay_temple_entry_junction_2
D:5:      layout_loops_ring, nrook_campfire, grunt_ministairs_8
D:6:      layout_basic, zin_purify, gammafunk_ghost_split, uniq_pikel,
          uniq_grinder

Skill      XL: |  1  2  3  4  5  6  7  8 |
---------------+-------------------------+-----
Short Blades   | 2 3 4 6 7 |  7.0
Stealth        | 5 6 8 |  8.0
Spellcasting   | 3 |  3.0
Fighting       | 1 3 |  3.8
Throwing       | 1 3 |  3.9
Dodging        | 3 5 |  5.0
Hexes          | |  3.0

Action                   |  1- 3 |  4- 6 |  7- 9 || total
-------------------------+-------+-------+-------++-------
Melee: Dagger            |    38 |    25 |    46 ||   109
 Cast: Ensorcelled Hiber |       |     6 |    16 ||    22
       Confusing Touch   |       |     1 |       ||     1
Invok: Ancestor Identity |     1 |       |       ||     1
       Recall Ancestor   |     1 |       |       ||     1
       Ancestor Life: Ba |     1 |       |       ||     1
  Use: Scroll            |       |     1 |     2 ||     3
 Stab: Sleeping          |    20 |     1 |     8 ||    29
       Distracted        |       |     1 |       ||     1
Armor: Robe              |     3 |     4 |     3 ||    10
Dodge: Dodged            |    14 |    11 |    30 ||    55

Table legend: (Time is in decaauts)
 A = Elapsed time spent in this place.
 B = Non-inter-level travel time spent in this place.
 C = Inter-level travel time spent in this place.
 D = Time resting spent in this place.
 E = Time spent auto-exploring this place.
 F = Levels seen in this place.
 G = Mean time per level.
                   A        B        C        D        E       F      G
               +--------+--------+--------+--------+--------+-----+--------+
         Total |   4714 |   4637 |     77 |   1019 |   3114 |   5 |  942.8 |
       Dungeon |   4714 |   4637 |     77 |   1019 |   3114 |   5 |  942.8 |
               +--------+--------+--------+--------+--------+-----+--------+

Top non-repeatable levels by time:
     D:4: 1282 daAuts
     D:5: 1099 daAuts
     D:1: 987 daAuts
     D:6: 820 daAuts
     D:2: 525 daAuts
